Map: [ESL] Royal Blood

Players

AqueroN

  • Race: Terran Terran
  • Spawn Location: 7:00

ShaDoWn - Winner!

  • Race: Protoss Protoss
  • Spawn Location: 1:00

Event: ESL SC2 Masters 2023 Summer (Regionals)

VOD

Have the link to the VOD?

Description

Time

  • Played on: May 3, 2023, 10:09 a.m.
  • Length: 10:27

All games in this series

Show
View Real Time Build Order
Export as new Build Order

AqueroN Terran 

Build Orders: Reaper Expand 

Get SALT Encoding   

  12  0:00  SCV  
  13  0:12  SCV  
  14  0:16  Supply Depot  
  14  0:24  SCV  
  15  0:38  SCV  
  15  0:39  Barracks  
  16  0:43  Refinery  
  16  0:50  SCV  
  17  1:02  SCV  
  18  1:14  SCV  
  19  1:27  Orbital Command, Reaper  
  20  1:43  Command Center  
  20  1:52  Supply Depot  
  20  1:55  SCV  
  20  1:59  Marine  
  22  2:07  SCV  
  23  2:11  Factory  
  23  2:19  Refinery  
  23  2:20  SCV  
  23  2:22  Barracks Reactor  
  24  2:32  Barracks  
  24  2:34  SCV  
  25  2:46  SCV  
  26  2:56  Orbital Command  
  26  2:58  SCV, Factory Tech Lab, Marine x2  
  29  3:10  SCV  
  30  3:16  Marine x2, Cyclone  
  35  3:20  Barracks Tech Lab  
  35  3:22  SCV  
  35  3:25  Engineering Bay  
  36  3:27  SCV  
  36  3:32  Supply Depot  
  37  3:34  SCV  
  37  3:35  Marine  
  37  3:38  Marine  
  37  3:41  Stimpack  
  40  3:43  Marine  
  40  3:45  SCV  
  42  3:51  Barracks  
  42  3:54  SCV  
  43  3:57  SCV  
  43  3:59  Siege Tank  
  43  4:01  Marine  
  48  4:04  Marine  
  48  4:08  SCV  
  48  4:09  SCV  
  51  4:12  Terran Infantry Weapons Level 1  
  51  4:16  Supply Depot  
  51  4:20  SCV, Missile Turret  
  51  4:21  SCV  
  51  4:22  Marine  
  54  4:27  Supply Depot  
  54  4:38  Siege Tank  
  57  4:39  Marine, Barracks Tech Lab  
  57  4:41  SCV x2  
  57  4:43  Supply Depot  
  57  4:45  Marauder  
  61  4:47  Marine  
  62  4:55  SCV x2  
  62  4:57  Supply Depot  
  62  4:58  Combat Shield  
  62  4:59  Refinery  
  64  5:01  Marauder  
  64  5:02  Marine  
  67  5:08  Marauder  
  67  5:10  SCV, Supply Depot  
  69  5:26  Marine x2  
  69  5:27  Marauder  
  69  5:29  SCV x2  
  69  5:33  Marauder  
  73  5:42  Siege Tank  
  76  5:44  Marine x2  
  76  5:45  SCV x2  
  76  5:49  Marauder  
  82  5:57  Marine  
  82  5:58  SCV x2  
  82  6:02  Marine, Starport  
  86  6:09  Marine  
  87  6:12  Supply Depot  
  87  6:14  SCV x2  
  89  6:20  Marauder x2, Supply Depot  
  89  6:21  Barracks  
  89  6:22  Barracks  
  89  6:24  Supply Depot  
  93  6:30  Ghost Academy  
  92  6:35  Marine x2  
  92  6:37  SCV x2  
  96  6:44  Starport Reactor  
  96  6:49  SCV x2  
  102  6:58  Refinery  
  102  6:59  Marine x2  
  102  7:01  Ghost x2  
  100  7:04  Supply Depot  
  104  7:09  Supply Depot  
  104  7:10  Barracks Tech Lab  
  104  7:11  Barracks Reactor  
  104  7:14  Marine x2  
  106  7:17  Marine x2  
  106  7:18  Widow Mine  
  106  7:28  SCV x2  
  106  7:29  Medivac  
  105  7:30  Marauder, Medivac  
  105  7:32  Ghost  
  105  7:33  Marine  
  105  7:34  Marine  
  105  7:35  Marine x2  
  115  7:40  Supply Depot  
  115  7:41  Widow Mine  
  117  7:47  Supply Depot  
  117  7:51  Marine x3  
  117  7:54  SCV x2  
  107  8:01  Medivac  
  107  8:02  Medivac  
  107  8:03  Marine x3  
  114  8:08  Ghost  
  114  8:09  Marine  
  114  8:12  SCV x2  
  119  8:27  Marine x3  
  119  8:32  SCV x2  
  120  8:38  Ghost  
  120  8:39  Marine x2  
  124  8:44  SCV  
  124  8:45  Marine x3  
  122  8:57  Marine  
  122  9:01  Marine  
  124  9:03  Marine x3  
  124  9:07  Marine  
  128  9:15  Marine  
  124  9:24  Marine x5  
  125  9:29  Liberator x2  
  131  9:44  Marine x3  
  131  9:45  Ghost  
Show
View Real Time Build Order
Export as new Build Order

ShaDoWn Protoss - Winner!

Build Orders: 1 Gate Expand, Archon Immortal, Blink Stalkers 

Get SALT Encoding   

  12  0:00  Probe  
  13  0:12  Probe  
  14  0:17  Pylon  
  14  0:24  Probe  
  15  0:35  Gateway  
  15  0:37  Probe (Chrono Boost)  
  16  0:46  Probe (Chrono Boost)  
  16  0:49  Assimilator  
  17  0:51  Probe (Chrono Boost)  
  18  1:03  Probe  
  19  1:15  Probe  
  20  1:23  Nexus  
  20  1:32  Cybernetics Core  
  20  1:36  Probe  
  21  1:41  Assimilator  
  21  1:48  Probe  
  21  1:51  Pylon  
  22  2:00  Probe  
  23  2:06  Adept (Chrono Boost)  
  23  2:09  Warp Gate  
  23  2:12  Probe  
  26  2:24  Probe (Chrono Boost), Twilight Council  
  27  2:31  Stalker  
  27  2:35  Probe (Chrono Boost)  
  31  2:37  Probe (Chrono Boost)  
  33  2:44  Probe x2 (Chrono Boost)  
  33  2:49  Probe (Chrono Boost)  
  33  2:50  Probe  
  35  2:59  Blink (Chrono Boost)  
  35  3:01  Probe  
  35  3:03  Probe  
  37  3:13  Probe, Gateway  
  37  3:15  Probe  
  37  3:19  Robotics Facility  
  39  3:26  Probe  
  40  3:27  Probe  
  40  3:30  Gateway  
  40  3:33  Pylon  
  41  3:38  Probe (Chrono Boost)  
  41  3:40  Assimilator  
  43  3:44  Probe (Chrono Boost), Assimilator  
  44  3:48  Pylon  
  44  3:50  Probe (Chrono Boost)  
  45  3:55  Probe x2 (Chrono Boost)  
  45  3:57  Stalker  
  48  4:04  Probe x2  
  48  4:06  Pylon  
  48  4:09  Warp Prism (Chrono Boost)  
  51  4:16  Probe x2  
  52  4:18  Stalker  
  52  4:22  Stalker  
  56  4:29  Templar Archives  
  56  4:35  Stalker  
  58  4:39  Observer  
  59  4:45  Nexus  
  59  4:49  Pylon  
  59  4:50  Probe  
  59  4:51  Probe  
  61  4:55  Psionic Storm  
  61  5:02  Probe  
  61  5:03  Probe, Observer  
  64  5:09  High Templar  
  67  5:14  Probe  
  65  5:30  High Templar  
  65  5:31  Probe  
  65  5:32  Forge  
  65  5:34  Probe  
  69  5:35  Gateway  
  69  5:37  High Templar  
  69  5:38  Gateway  
  71  5:43  Probe, Immortal (Chrono Boost)  
  71  5:45  Gateway x2  
  71  5:47  Probe  
  77  5:55  Probe, Charge  
  78  5:57  Zealot  
  78  5:58  Probe  
  78  6:02  Probe  
  82  6:11  Stalker  
  84  6:14  Immortal  
  84  6:16  Pylon, Shield Battery  
  88  6:21  Zealot x2  
  88  6:23  Probe  
  93  6:33  Protoss Ground Weapons Level 1 (Chrono Boost)  
  93  6:34  Probe  
  93  6:35  Pylon x2  
  93  6:36  Probe  
  93  6:39  Pylon  
  95  6:40  High Templar  
  95  6:42  Zealot x2  
  101  6:48  Pylon  
  101  6:53  Probe, Pylon, Immortal  
  106  6:56  Probe  
  107  7:02  Probe  
  107  7:06  Zealot x5  
  118  7:11  Probe  
  118  7:12  Probe  
  120  7:16  Pylon  
  118  7:25  Probe  
  119  7:30  High Templar x2  
  119  7:31  Zealot x5  
  119  7:35  Nexus  
  133  7:42  Immortal  
  137  7:44  Pylon  
  137  7:46  Gateway  
  137  7:57  High Templar x2  
  137  7:58  Zealot x3  
  147  8:13  Gateway x2  
  147  8:21  Immortal (Chrono Boost)  
  149  8:30  High Templar, Zealot x3  
  157  8:35  Pylon  
  157  8:38  Zealot x3  
  157  8:41  Gateway  
  157  8:43  Gateway  
  157  8:44  Gateway  
  157  8:45  Observer  
  157  8:47  Probe x2  
  145  8:59  Zealot x7  
  153  9:04  Immortal (Chrono Boost)  
  157  9:15  Zealot x3  
  161  9:24  Zealot x7  
  171  9:45  Zealot x4  
  179  9:48  Pylon  
  179  9:49  Pylon  
  179  9:53  Archon  
  179  9:55  Archon  
  179  9:57  Zealot x3  
  153  10:09  Zealot x9  
  153  10:10  Zealot  
  147  10:24  Zealot x3  
Tags
 
Add a new tag
Caveats
  • Supply blocks, unpowered buildings, or Contaminate may cause inaccurate times.
  • Supply counts are checked every 10 seconds.